 Dungeon Crawl Stone Soup version 0.30.1-9-gdf580d7c3d (webtiles) character file.

Game seed: 17146256245880822231

1388 croobank the Covert (level 8, -1/67 HPs)
             Began as a Gnoll Delver on Sept 26, 2023.
             Was an Initiate of Gozag.
             Slain by a black bear (6 damage)
             ... on level 4 of the Dungeon.
             The game lasted 00:32:17 (6323 turns).

croobank the Covert (Gnoll Delver)                  Turns: 6323, Time: 00:32:18

Health: -1/67      AC:  6    Str: 16    XL:     8   Next: 67%
Magic:  0/13       EV: 13    Int: 12    God:    Gozag
Gold:   250        SH:  0    Dex: 12    Spells: 10/14 levels left

rFire   + . .        a - +2 short sword (vamp)
rCold   . . .        (no shield)
rNeg    + . .        n - +1 leather armour of Zesewkimik {rN+}
rPois   .            q - +1 helmet {Int+3}
rElec   .            (no cloak)
rCorr   .            (no gloves)
SInv    .            (no boots)
Will    .....        k - amulet of guardian spirit
Stlth   ++++         g - ring of protection from fire
HPRegen 0.31/turn    (no ring)
MPRegen 0.13/turn

%: guardian spirit
@: very slightly contaminated
A: fangs 1, strong nose, distributed training, dopey 1, strong 1
a: Renounce Religion, Potion Petition, Call Merchant, Bribe Branch


You were on level 4 of the Dungeon.
You worshipped Gozag.
Gozag was aware of your devotion.
You visited 2 branches of the dungeon, and saw 7 of its levels.
You also visited: Sewer.

You collected 376 gold pieces.
You paid 126 gold pieces to Gozag.

Inventory:

Hand Weapons
 a - a +2 vampiric short sword (weapon)
 b - a +0 sling
 h - a +0 trident
 s - a +0 war axe
Missiles
 d - 18 poisoned darts (quivered)
 e - a curare-tipped dart
Armour
 l - a +0 kite shield
 n - the +1 leather armour of Zesewkimik (worn) {rN+}
   (You found it on level 3 of the Dungeon)

   rN:        It protects you from negative energy.
 q - a +1 helmet of intelligence (worn)
Jewellery
 g - a ring of protection from fire (left hand)
 k - an amulet of guardian spirit (around neck)
Wands
 f - a wand of flame (11)
 u - a wand of polymorph (11)
Scrolls
 i - a scroll of magic mapping
 j - 2 scrolls of vulnerability
 m - a scroll of enchant armour {unknown}
 o - a scroll of fog
 p - a scroll of immolation
 r - 2 scrolls of noise
 x - a scroll of silence
 y - a scroll of amnesia {unknown}
Potions
 c - a potion of resistance
 t - a potion of cancellation
 v - 2 potions of lignification {unknown}


   Skills:
 + Level 7.5 Fighting
 + Level 5.9 Short Blades
 + Level 3.6 Long Blades
 + Level 3.6 Axes
 + Level 3.6 Maces & Flails
 + Level 3.6 Polearms
 + Level 3.6 Staves
 + Level 3.6 Ranged Weapons
 + Level 3.6 Throwing
 + Level 3.6 Armour
 + Level 5.9 Dodging
 + Level 10.2 Stealth
 + Level 3.6 Shields
 + Level 3.6 Unarmed Combat
 + Level 3.6 Spellcasting
 + Level 3.0 Conjurations
 + Level 3.0 Hexes
 + Level 3.0 Summonings
 + Level 3.0 Necromancy
 + Level 3.0 Translocations
 + Level 3.0 Transmutations
 + Level 3.0 Fire Magic
 + Level 3.0 Ice Magic
 + Level 3.0 Air Magic
 + Level 3.0 Earth Magic
 + Level 3.0 Poison Magic
 + Level 4.0 Invocations
 + Level 3.6 Evocations


You had 10 spell levels left.
You knew the following spells:

 Your Spells              Type           Power      Damage    Failure   Level
a - Scorch                Fire           18%        2d6       12%         2
b - Ensorcelled Hibernat  Hex/Ice        18%        N/A       12%         2

Your spell library contained the following spells:

 Spells                   Type           Power      Damage    Failure   Level
 Spider Form              Tmut/Pois      9%         N/A       24%         3
 Anguish                  Hex/Necr       4%         N/A       63%         4
 Flame Wave               Conj/Fire      9%         2d6       63%         4
 Summon Cactus Giant      Summ           4%         N/A       100%        6


Dungeon Overview and Level Annotations

Branches:
Dungeon (6/15)             Temple (1/1) D:4           Sewer (visited)

Altars:
Ashenzari
Cheibriados
Elyvilon
Fedhas
Gozag
Hepliaklqana
Nemelex Xobeh
Okawaru
Qazlal
Ru
Sif Muna
Uskayaw
Vehumet
Wu Jian
Xom
Zin

Shops:
D:1 [=:[=

Annotations:
D:6 1 transporter


Innate Abilities, Weirdness & Mutations

You have very sharp teeth.
Your uncanny sense of smell can sniff out nearby items.
Your experience applies equally to all skills.
You are dopey. (Int -2)
Your muscles are strong. (Str +4, Int/Dex -1)


Message History

The black bear is almost dead.
The black bear closely misses you. The black bear barely misses you.
The black bear claws you.
You hit the black bear.
You feel better.
Your bite misses the black bear.
The black bear is almost dead.
The black bear bites you. The black bear claws you.
The black bear barely misses you.
You hit the black bear.
The black bear is almost dead.
The black bear bites you. The black bear claws you. x2
You hit the black bear but do no damage.
You bite the black bear, but do no damage.
The black bear is almost dead.
The black bear bites you!
* * * LOW HITPOINT WARNING * * *
The black bear misses you.
The black bear claws you but does no damage.
You hit the black bear.
You feel better.
The black bear is almost dead.
The black bear bites you!
* * * LOW HITPOINT WARNING * * *
The black bear claws you.
* * * LOW HITPOINT WARNING * * *
The black bear completely misses you.
Casting: Scorch (safe; 12% risk of failure)
Confirm with . or Enter, or press ? or * to list all spells.
Okay, then.
Okay, then.
Okay, then.
You closely miss the black bear.
The black bear is almost dead.
The black bear bites you but does no damage.
The black bear claws you but does no damage.
The black bear claws you.
* * * LOW HITPOINT WARNING * * *
You closely miss the black bear.
The black bear is almost dead.
The black bear barely misses you. The black bear claws you.
You die...
Your body crumbles into a pile of gold.

#.......#~#~~~~~~###.......#
#.......#~#~.~~~~..........##
##.......#~##~~##~#..........###
#.).....##~~#.##~~##...........##
#.......#~~~~~~~~~~#..##.........
.....).)##~~#.##~~######...<.###.
......)..####).##### ##.@f.####.
##..............$..# #.....# #.#
##.............@..####.....###.#
#........##...$h..##.......#.##
##.......###...................#
#........# #............#######.
##.......## #....#.....### ##
##...#...# ##...##......# #
.#...#..## #...##.......#
....##..# #...##.......#
....#..## #..##........##


You could see a black bear (berserk).

Vanquished Creatures
  A wyvern (D:6)
  Edmund (D:4)
  3 ogres (D:4)
  A phantom (D:4)
  3 kobold brigands (Sewer)
  A scorpion (D:6)
  A hound (D:5)
  4 orc priests (D:4)
  A jelly (D:4)
  An iguana (D:4)
  3 sleepcaps (D:4)
  9 adders
  3 gnolls (D:4)
  A shadow imp (D:4)
  A white imp (D:4)
  5 worms
  3 dart slugs (D:1)
  11 orcs
  8 ball pythons
  10 endoplasms
  4 giant cockroaches
  11 goblins
  7 hobgoblins
  5 jackals
  11 kobolds
  2 quokkas (D:4)
  2 bats
  3 frilled lizards
  10 rats
126 creatures vanquished.

Notes
Turn   | Place    | Note
-------+----------+-------------------------------------------
     0 | D:5      | Reached skill level 9 in Stealth
     0 | D:5      | croobank the Gnoll Delver began the quest for the Orb.
     0 | D:5      | Reached XP level 1. HP: 23/23 MP: 1/1
     9 | D:5      | Noticed a hound
    31 | D:5      | HP: 1/23 [hound (4)]
    32 | D:5      | Killed a hound
    33 | D:5      | Reached XP level 2. HP: 1/29 MP: 1/3
    33 | D:5      | Reached XP level 3. HP: 2/35 MP: 1/4
   174 | D:6      | Noticed a scorpion
   178 | D:6      | Killed a scorpion
   179 | D:6      | Reached skill level 1 in Long Blades
   179 | D:6      | Reached skill level 1 in Axes
   179 | D:6      | Reached skill level 1 in Maces & Flails
   179 | D:6      | Reached skill level 1 in Polearms
   179 | D:6      | Reached skill level 1 in Staves
   179 | D:6      | Reached skill level 1 in Ranged Weapons
   179 | D:6      | Reached skill level 1 in Throwing
   179 | D:6      | Reached skill level 1 in Armour
   179 | D:6      | Reached skill level 1 in Shields
   179 | D:6      | Reached skill level 1 in Unarmed Combat
   179 | D:6      | Reached skill level 1 in Spellcasting
   179 | D:6      | Reached skill level 1 in Conjurations
   179 | D:6      | Reached skill level 1 in Hexes
   179 | D:6      | Reached skill level 1 in Summonings
   179 | D:6      | Reached skill level 1 in Necromancy
   179 | D:6      | Reached skill level 1 in Translocations
   179 | D:6      | Reached skill level 1 in Transmutations
   179 | D:6      | Reached skill level 1 in Fire Magic
   179 | D:6      | Reached skill level 1 in Ice Magic
   179 | D:6      | Reached skill level 1 in Air Magic
   179 | D:6      | Reached skill level 1 in Earth Magic
   179 | D:6      | Reached skill level 1 in Poison Magic
   179 | D:6      | Reached skill level 1 in Invocations
   179 | D:6      | Reached skill level 1 in Evocations
   179 | D:6      | Reached XP level 4. HP: 41/41 MP: 5/5
   188 | D:6      | Found an iron altar of Okawaru.
   198 | D:6      | Noticed a wyvern
   205 | D:6      | Killed a wyvern
   206 | D:6      | Reached XP level 5. HP: 47/47 MP: 5/7
   206 | D:6      | Reached XP level 6. HP: 53/53 MP: 5/8
   240 | D:6      | Found a transporter.
   249 | D:6      | Noticed a kobold demonologist
   453 | D:4      | Noticed Edmund
   473 | D:4      | Found a glowing drain.
   496 | Sewer    | Entered a sewer
   622 | Sewer    | Reached skill level 5 in Short Blades
   622 | Sewer    | Reached skill level 5 in Dodging
  1216 | Sewer    | Reached XP level 7. HP: 44/60 MP: 10/10
  1843 | D:4      | Gained mutation: You are dopey. (Int -2) [potion of
                  | mutation]
  1843 | D:4      | Gained mutation: Your muscles are strong. (Str +4, Int/Dex
                  | -1) [potion of mutation]
  1896 | D:3      | Learned a level 2 spell: Scorch
  2034 | D:3      | Identified the +1 leather armour of Zesewkimik {rN+}
  2407 | D:1      | Found a faded altar of an unknown god.
  2440 | D:1      | Found Ogucef's Armour Shop.
  2535 | D:1      | Found Pouwel's Jewellery Emporium.
  2713 | D:1      | Found Otoifon's Jewellery Shoppe.
  2788 | D:1      | Found Etaunyhi's Armour Emporium.
  2798 | D:1      | Found Ymeatt's Book Shop.
  3322 | D:2      | Learned a level 2 spell: Ensorcelled Hibernation
  4112 | D:4      | Found a staircase to the Ecumenical Temple.
  4136 | Temple   | Entered the Ecumenical Temple
  4236 | D:4      | Reached skill level 10 in Stealth
  4605 | D:4      | Reached XP level 8. HP: 61/67 MP: 1/12
  5216 | D:4      | Found a blossoming altar of Fedhas.
  5251 | D:4      | Found an opulent altar of Gozag.
  5255 | D:4      | Became a worshipper of Gozag Ym Sagoz the Greedy
  5313 | D:4      | Killed Edmund
  6323 | D:4      | Slain by a black bear

Illustrated notes

Levels and vault maps discovered:
D:1:      minmay_arrival_loop, layout_basic, serial_shops, shop,
          nicolae_shop_peninsula, shop, shop, shop,
          ebering_ecumenical_altar_hall
D:2:      layout_basic
D:3:      layout_rooms
D:4:      cheibrodos_pilgrimage, layout_layer_cave,
          mainiacjoe_overflow_24_doors, temple_statues, gup_sewer_entry_bubbles,
          hangedman_decor_slide_cut, kennysheep_small_circle, uniq_edmund
D:5:      minmay_angry_zag, layout_loops_corners, kennysheep_mini,
          mainiacjoe_overflow_concentric_impassable,
          mainiacjoe_overflow_brackets, minmay_misc_feat_encased,
          grunt_ministairs_7, minmay_crystal_room, uniq_pikel, uniq_menkaure
D:6:      gammafunk_wand_slinger, layout_basic, kennysheep_mini_moat,
          nicolae_tso_swordbearing_angel, okawaru_ov_weapons_minmay,
          serial_shops, shop_statue
Temple:   nicolae_temple_no_exploring_needed

Skill      XL: |  1  2  3  4  5  6  7  8 |
---------------+-------------------------+-----
Stealth        | 10 | 10.2
Long Blades    | 1 2 3 |  3.6
Axes           | 1 2 3 |  3.6
Maces & Flails | 1 2 3 |  3.6
Polearms       | 1 2 3 |  3.6
Staves         | 1 2 3 |  3.6
Ranged Weapons | 1 2 3 |  3.6
Throwing       | 1 2 3 |  3.6
Armour         | 1 2 3 |  3.6
Shields        | 1 2 3 |  3.6
Unarmed Combat | 1 2 3 |  3.6
Spellcasting   | 1 2 3 |  3.6
Conjurations   | 1 2 3 |  3.0
Hexes          | 1 2 3 |  3.0
Summonings     | 1 2 3 |  3.0
Necromancy     | 1 2 3 |  3.0
Translocations | 1 2 3 |  3.0
Transmutations | 1 2 3 |  3.0
Fire Magic     | 1 2 3 |  3.0
Ice Magic      | 1 2 3 |  3.0
Air Magic      | 1 2 3 |  3.0
Earth Magic    | 1 2 3 |  3.0
Poison Magic   | 1 2 3 |  3.0
Invocations    | 1 2 3 4 |  4.0
Evocations     | 1 2 3 |  3.6
Short Blades   | 5 |  5.9
Dodging        | 5 |  5.9
Fighting       | 7 |  7.5

Action                     |  1- 3 |  4- 6 |  7- 9 || total
---------------------------+-------+-------+-------++-------
  Melee: Short sword       |    22 |   201 |   343 ||   566
         Bite              |     2 |    22 |    35 ||    59
         Punch             |     1 |     2 |     7 ||    10
  Throw: Dart              |       |     8 |    22 ||    30
   Cast: Scorch            |       |       |    49 ||    49
         Ensorcelled Hiber |       |       |     5 ||     5
  Evoke: Wand              |       |     2 |     3 ||     5
    Use: Scroll            |       |     3 |     8 ||    11
         Potion            |       |     3 |     4 ||     7
   Stab: Sleeping          |     1 |     6 |    20 ||    27
 Armour: Leather armour    |     4 |    25 |    72 ||   101
  Dodge: Dodged            |    13 |    91 |   234 ||   338
